 Dungeon Crawl Stone Soup version 0.28-a0-1429-gf3d713df7a (webtiles) character file.

Game seed: 10247402508256047755

778 skittles the Protected (level 7, -2/63 HPs)
             Began as a Minotaur Fighter on Jan 9, 2022.
             Slain by a bog mummy (6 damage)
             ... in an ossuary.
             The game lasted 00:05:59 (2491 turns).

skittles the Protected (Minotaur Fighter)           Turns: 2491, Time: 00:05:59

Health: -2/63      AC: 11    Str: 22    XL:     7   Next: 54%
Magic:  6/6        EV: 10    Int:  5    God:
Gold:   198        SH:  5    Dex: 10    Spells: 6/6 levels left

rFire   . . .      SeeInvis .   a - +0 flail
rCold   . . .      Faith    .   (no shield)
rNeg    . . .      Spirit   .   j - +0 chain mail
rPois   .          Reflect  +   (helmet restricted)
rElec   .          Harm     .   (no cloak)
rCorr   .          Rampage  .   (no gloves)
Will    .....                   (no boots)
Stlth   ..........              f - amulet of reflection
HPRegen 0.20/turn               (no ring)
MPRegen 0.10/turn               (no ring)

@: mighty, slowed, very slow
A: horns 2, retaliatory headbutt
a: no special abilities


You were in an ossuary.
You visited 1 branch of the dungeon, and saw 4 of its levels.
You also visited: Ossuary.

You collected 198 gold pieces.

Inventory:

Hand Weapons
 a - a +0 flail (weapon)
Missiles
 c - 15 poisoned darts (quivered)
Armour
 b - a +0 scale mail
 j - a +0 chain mail (worn)
Jewellery
 f - an amulet of reflection (around neck)
Scrolls
 g - 2 scrolls of blinking
 i - a scroll of enchant armour {unknown}
 m - 2 scrolls of teleportation
Potions
 d - a potion of might
 h - a potion of brilliance {unknown}


   Skills:
 - Level 6.2 Fighting
 * Level 8.9 Maces & Flails
 * Level 8.9 Armour
 - Level 6.4 Dodging
 - Level 3.6 Shields


You had 6 spell levels left.
You didn't know any spells.
Your spell library was empty.

Dungeon Overview and Level Annotations

Branches:
Dungeon (4/15)            Ossuary (1/1)
 Temple: D:4-7

Altars:

Shops:
D:3 =


Innate Abilities, Weirdness & Mutations

You have a pair of horns on your head.
You reflexively headbutt those who attack you in melee.


Message History

The bullfrog zombie closely misses you.
You barely miss the bullfrog zombie.
The bullfrog zombie is severely damaged.
The bullfrog zombie closely misses you. The mummy closely misses you.
The bullfrog zombie hits you but does no damage.
You hit the bullfrog zombie. You headbutt the bullfrog zombie.
You destroy the bullfrog zombie!
The mummy barely misses you.
You thump the bullfrog zombie!
The bullfrog zombie is moderately damaged.
The bullfrog zombie closely misses you. You furiously retaliate!
You headbutt the bullfrog zombie! The bullfrog zombie barely misses you.
You block the mummy's attack.
You sock the bullfrog zombie!
The bullfrog zombie is almost destroyed.
The bullfrog zombie barely misses you.
The bullfrog zombie hits you but does no damage.
The mummy barely misses you. You furiously retaliate!
You headbutt the mummy!!
You destroy the mummy!
The bog mummy points at you and mumbles some strange words.
The puff of frost hits you.
* * * LOW HITPOINT WARNING * * *
Your unstable footing causes you to fumble your attack.
You block the bullfrog zombie's attack. The bullfrog zombie misses you.
Your unstable footing causes you to fumble your attack.
The bullfrog zombie barely misses you.
The bog mummy points at you and mumbles some strange words.
You feel as though you will be slow longer.
The bullfrog zombie hits you but does no damage.
You sock the bullfrog zombie!
You destroy the bullfrog zombie!
The bog mummy points at you and mumbles some strange words.
The puff of frost hits you.
* * * LOW HITPOINT WARNING * * *
The bog mummy gestures at you while chanting.
You resist with some effort. The mummy hits you!
* * * LOW HITPOINT WARNING * * *
The bog mummy hits you.
You die...

#∩..#.+
#'#####.###
........'.#
#'#####.###
#!!!#.'.#
###?!?#≈###
#.#??!#≈..#
≈##'##M##≈##.≈##
..≈≈≈≈M@≈.≈≈≈..#
.#≈#≈≈≈#'#.≈.≈##
#.≈.#M≈.#.#.#≈#
### #####≈≈≈≈##
##≈### #≈≈# #≈≈≈
#≈#≈ ## ##


You could see a mummy and 2 bog mummies.

Vanquished Creatures
  An ice beast (D:3)
  An ogre (D:4)
  3 bullfrog zombies (Ossuary)
  A centaur zombie (Ossuary)
  A hound (D:4)
  An orc priest (D:3)
  An orc wizard (D:3)
  A killer bee zombie (Ossuary)
  11 mummies (Ossuary)
  A howler monkey zombie (Ossuary)
  A howler monkey skeleton (D:4)
  2 adders
  2 worms (D:2)
  A dart slug (D:4)
  6 orcs
  7 ball pythons
  4 endoplasms
  4 giant cockroaches
  4 goblins
  6 hobgoblins
  6 jackals
  6 kobolds
  2 quokkas
  6 bats
  2 frilled lizards (D:2)
  6 rats
87 creatures vanquished.

Vanquished Creatures (others)
  10 withered plants (Ossuary)
10 creatures vanquished.

Grand Total: 97 creatures vanquished

Notes
Turn   | Place    | Note
-------+----------+-------------------------------------------
     0 | D:1      | skittles the Minotaur Fighter began the quest for the Orb.
     0 | D:1      | Reached XP level 1. HP: 19/19 MP: 0/0
   287 | D:1      | Reached skill level 1 in Dodging
   292 | D:1      | Reached XP level 2. HP: 25/27 MP: 1/1
   792 | D:2      | Reached XP level 3. HP: 28/33 MP: 2/2
  1317 | D:2      | Reached XP level 4. HP: 44/44 MP: 3/3
  1388 | D:3      | Noticed an ice beast
  1403 | D:3      | Killed an ice beast
  1404 | D:3      | Reached XP level 5. HP: 41/50 MP: 4/4
  1610 | D:3      | Found Vogic's Jewellery Boutique.
  1620 | D:3      | Reached XP level 6. HP: 34/57 MP: 5/5
  2373 | D:4      | Found a sand-covered staircase.
  2381 | Ossuary  | Entered an ossuary
  2426 | Ossuary  | Reached XP level 7. HP: 47/63 MP: 6/6
  2491 | Ossuary  | Slain by a bog mummy

Illustrated notes

Levels and vault maps discovered:
D:1:      amcnicky_arrival_underground_garden, layout_basic
D:2:      layout_rooms, nicolae_concentric_dashed_squares_wild,
          chequers_serial_rivers_room_b
D:3:      layout_basic, serial_shops, nicolae_shop_crystal
D:4:      layout_basic, mainiacjoe_overflow_alcove_2, enter_ossuary_4
Ossuary:  ossuary_zaba_flooded

Skill      XL: |  1  2  3  4  5 |
---------------+----------------+-----
Dodging        | 1 6 |  6.4
Maces & Flails | 3 7 8 |  8.9
Fighting       | 4 6 |  6.2
Armour         | 7 8 |  8.9
Shields        | |  3.6

Action                   |  1- 3 |  4- 6 |  7- 9 || total
-------------------------+-------+-------+-------++-------
Melee: Flail             |    76 |   115 |    37 ||   228
       Headbutt          |     8 |    12 |    11 ||    31
       Punch             |       |     1 |     1 ||     2
  Use: Scroll            |     5 |       |       ||     5
       Potion            |     3 |     2 |     1 ||     6
Armor: Scale mail        |    33 |       |       ||    33
       Chain mail        |     9 |    59 |    17 ||    85
Dodge: Dodged            |    39 |    58 |    19 ||   116
Block: Other             |    11 |    30 |     9 ||    50
       Reflection        |       |     1 |       ||     1

Table legend: (Time is in decaauts)
 A = Elapsed time spent in this place.
 B = Non-inter-level travel time spent in this place.
 C = Inter-level travel time spent in this place.
 D = Time resting spent in this place.
 E = Time spent auto-exploring this place.
 F = Levels seen in this place.
 G = Mean time per level.
                   A        B        C        D        E       F      G
               +--------+--------+--------+--------+--------+-----+--------+
         Total |   2520 |   2442 |     78 |     69 |   1840 |   5 |  504.0 |
       Dungeon |   2401 |   2323 |     78 |     69 |   1835 |   4 |  600.2 |
       Ossuary |    118 |    118 |      0 |      0 |      5 |   1 |  118.0 |
               +--------+--------+--------+--------+--------+-----+--------+

Top non-repeatable levels by time:
     D:1: 764 daAuts
     D:2: 595 daAuts
     D:3: 593 daAuts
     D:4: 447 daAuts
 Ossuary: 118 daAuts
